| TOP OF THE 1ST |
|
Pennsylvania State University Nittany Lions batting - Pitching for University of Michigan Wolverines : RHP Adam Timmons
|
|
Pitching: RHP Adam Timmons
|
|
|
Batting: RHB Francisco Velazquez
|
0-0: Ball 1-0: Ball 2-0: Called Strike 2-1: Foul Ball, location: 2F 2-2: Foul Ball, location: 2F 2-2: Foul Ball, location: 2F 2-2: Foul Ball, location: 2F 2-2: Fly out, F9 (Flyball, 9S, EV 88.8 MPH)
|
|
Batting: RHB Pete Martin
|
0-0: Ball 1-0: Ball 2-0: Fly out, F2 (Popup, 23F, EV 85.0 MPH)
|
|
Batting: RHB Josh Ebeling
|
0-0: Ball 1-0: Called Strike 1-1: Called Strike 1-2: SINGLE (Groundball, 6MD, EV 95.6 MPH)
|
|
Batting: RHB Rob Hinojosa
|
0-0: Called Strike 0-1: Ball 1-1: Called Strike 1-2: Fielders Choice at 2nd, 5-4 (Groundball, 5, EV 77.5 MPH)
|
| Top of the 1st over - 0 runs, 1 hit, 0 errors, 1 left on base; Pennsylvania State University 0 - University of Michigan 0 |
| BOTTOM OF THE 1ST |
|
University of Michigan Wolverines batting - Pitching for Pennsylvania State University Nittany Lions : LHP John McDonald
|
|
Pitching: LHP John McDonald
|
|
|
Batting: RHB Remie Braakman
|
0-0: Ball 1-0: SINGLE (Line Drive, 89S, EV 111.2 MPH)
|
|
Batting: RHB Wendell Sarkies
|
0-0: Foul Ball, location: 2F 0-1: Fly out, F8 (Flyball, 8RD, EV 90.0 MPH)
|
|
Batting: RHB Walter Fisher
|
0-0: Called Strike 0-1: Grounds into double play, 6-4-3 (Groundball, 6, EV 90.6 MPH)
|
| Bottom of the 1st over - 0 runs, 1 hit, 0 errors, 0 left on base; Pennsylvania State University 0 - University of Michigan 0 |
| TOP OF THE 2ND |
|
Pennsylvania State University Nittany Lions batting - Pitching for University of Michigan Wolverines : RHP Adam Timmons
|
|
Batting: RHB Victor Victorino
|
0-0: Fly out, F9 (Flyball, 9S, EV 79.4 MPH)
|
|
Batting: RHB Joe Strachan
|
0-0: Called Strike 0-1: Ball 1-1: Foul Ball, location: 2F 1-2: Strikes out swinging
|
|
Batting: RHB Perry Brantley
|
0-0: Foul Ball, location: 2F 0-1: Ball 1-1: Called Strike 1-2: Foul Ball, location: 2F 1-2: Strikes out looking
|
| Top of the 2nd over - 0 runs, 0 hits, 0 errors, 0 left on base; Pennsylvania State University 0 - University of Michigan 0 |
| BOTTOM OF THE 2ND |
|
University of Michigan Wolverines batting - Pitching for Pennsylvania State University Nittany Lions : LHP John McDonald
|
|
Batting: RHB Mike Harden
|
0-0: Reached on error, E8 (Flyball, 8RM, EV 97.5 MPH)
|
|
Batting: RHB Allan Dunn
|
0-0: Ball 1-0: Called Strike 1-1: Ball 2-1: Ball Wild Pitch! Mike Harden to second 3-1: SINGLE (Flyball, 8RS, EV 92.5 MPH) Mike Harden to third
|
|
Batting: RHB Cesar Rubio
|
0-0: Foul Ball, location: 2F 0-1: Ball 1-1: Ball 2-1: Ball 3-1: Called Strike 3-2: Strikes out swinging
|
|
Batting: SHB Elvis Hoying
|
0-0: Ball 1-0: Called Strike 1-1: Ball 2-1: Swinging Strike 2-2: Ball 3-2: Fly out, F9 (Flyball, 9, EV 85.6 MPH) Runner from 3rd tags up, SCORES, throw by RF
|
|
Batting: LHB Lance Sabo
|
0-0: Called Strike 0-1: Swinging Strike 0-2: Fly out, F7 (Flyball, 78M, EV 90.6 MPH)
|
| Bottom of the 2nd over - 1 run, 1 hit, 1 error, 1 left on base; Pennsylvania State University 0 - University of Michigan 1 |
| TOP OF THE 3RD |
|
Pennsylvania State University Nittany Lions batting - Pitching for University of Michigan Wolverines : RHP Adam Timmons
|
|
Batting: RHB James Steinmetz
|
0-0: Ball 1-0: Ball 2-0: Ball 3-0: Called Strike 3-1: Swinging Strike 3-2: Foul Ball, location: 2F 3-2: Foul Ball, location: 2F 3-2: Fly out, F7 (Flyball, 78M, EV 93.1 MPH)
|
|
Batting: RHB Zachary Roberts
|
0-0: Called Strike 0-1: Ground out 6-3 (Groundball, 6, EV 107.5 MPH)
|
|
Batting: RHB Francisco Velazquez
|
0-0: Ball 1-0: Ball 2-0: Foul Ball, location: 2F 2-1: Fly out, F3 (Line Drive, 4, EV 70.0 MPH)
|
| Top of the 3rd over - 0 runs, 0 hits, 0 errors, 0 left on base; Pennsylvania State University 0 - University of Michigan 1 |
| BOTTOM OF THE 3RD |
|
University of Michigan Wolverines batting - Pitching for Pennsylvania State University Nittany Lions : LHP John McDonald
|
|
Batting: LHB Murdock Cranton
|
0-0: Ground out 4-3 (Groundball, 4, EV 88.1 MPH)
|
|
Batting: RHB Remie Braakman
|
0-0: Ball 1-0: Ball 2-0: Ball 3-0: Called Strike 3-1: Swinging Strike 3-2: Fly out, F9 (Flyball, 9, EV 89.4 MPH)
|
|
Batting: RHB Wendell Sarkies
|
0-0: Ball 1-0: Fly out, F8 (Flyball, 8RD, EV 95.6 MPH)
|
| Bottom of the 3rd over - 0 runs, 0 hits, 0 errors, 0 left on base; Pennsylvania State University 0 - University of Michigan 1 |
| TOP OF THE 4TH |
|
Pennsylvania State University Nittany Lions batting - Pitching for University of Michigan Wolverines : RHP Adam Timmons
|
|
Batting: RHB Pete Martin
|
0-0: Ball 1-0: Swinging Strike 1-1: Swinging Strike 1-2: Strikes out looking
|
|
Batting: RHB Josh Ebeling
|
0-0: Ball 1-0: Fly out, F7 (Flyball, 78M, EV 86.9 MPH)
|
|
Batting: RHB Rob Hinojosa
|
0-0: Called Strike 0-1: Foul Ball, location: 2F 0-2: Foul Ball, location: 2F 0-2: Strikes out swinging
|
| Top of the 4th over - 0 runs, 0 hits, 0 errors, 0 left on base; Pennsylvania State University 0 - University of Michigan 1 |
| BOTTOM OF THE 4TH |
|
University of Michigan Wolverines batting - Pitching for Pennsylvania State University Nittany Lions : LHP John McDonald
|
|
Batting: RHB Walter Fisher
|
0-0: Fly out, F9 (Flyball, 9S, EV 91.9 MPH)
|
|
Batting: RHB Mike Harden
|
0-0: Ball 1-0: Foul Ball, location: 2F 1-1: Foul Ball, location: 2F 1-2: Ball 2-2: Ball 3-2: Fly out, F7 (Flyball, 78S, EV 83.8 MPH)
|
|
Batting: RHB Allan Dunn
|
0-0: Called Strike 0-1: Swinging Strike 0-2: Strikes out swinging
|
| Bottom of the 4th over - 0 runs, 0 hits, 0 errors, 0 left on base; Pennsylvania State University 0 - University of Michigan 1 |
| TOP OF THE 5TH |
|
Pennsylvania State University Nittany Lions batting - Pitching for University of Michigan Wolverines : RHP Adam Timmons
|
|
Batting: RHB Victor Victorino
|
0-0: Called Strike 0-1: Called Strike 0-2: Strikes out swinging
|
|
Batting: RHB Joe Strachan
|
0-0: Ball 1-0: Ball 2-0: Called Strike 2-1: Ball 3-1: Ground out 6-3 (Groundball, 6MS, EV 71.2 MPH)
|
|
Batting: RHB Perry Brantley
|
0-0: Hit by Pitch
|
|
Batting: RHB James Steinmetz
|
Pickoff Play to 1st, Runner tries for 2nd, OUT after rundown.
|
| Top of the 5th over - 0 runs, 0 hits, 0 errors, 0 left on base; Pennsylvania State University 0 - University of Michigan 1 |
| BOTTOM OF THE 5TH |
|
University of Michigan Wolverines batting - Pitching for Pennsylvania State University Nittany Lions : LHP John McDonald
|
|
Batting: RHB Cesar Rubio
|
0-0: Ground out 6-3 (Groundball, 56, EV 91.9 MPH)
|
|
Batting: SHB Elvis Hoying
|
0-0: TRIPLE (Flyball, 89XD, EV 95.0 MPH)
|
|
Batting: LHB Lance Sabo
|
0-0: DOUBLE (Flyball, 8LD, EV 94.4 MPH) Elvis Hoying scores
|
|
Batting: LHB Murdock Cranton
|
0-0: Called Strike Lance Sabo is caught stealing 3rd base 2-5 0-1: Fly out, F6 (Popup, 56, EV 78.1 MPH)
|
| Bottom of the 5th over - 1 run, 2 hits, 0 errors, 0 left on base; Pennsylvania State University 0 - University of Michigan 2 |
| TOP OF THE 6TH |
|
Pennsylvania State University Nittany Lions batting - Pitching for University of Michigan Wolverines : RHP Adam Timmons
|
|
Batting: RHB James Steinmetz
|
0-0: Called Strike 0-1: Foul Ball, location: 2F 0-2: Ball 1-2: Ball 2-2: Strikes out swinging
|
|
Batting: RHB Zachary Roberts
|
0-0: Called Strike 0-1: Ball 1-1: Swinging Strike 1-2: DOUBLE (Line Drive, 8LXD, EV 107.5 MPH)
|
|
Batting: RHB Francisco Velazquez
|
0-0: Ball 1-0: Ball 2-0: Ground out 3-1 (Groundball, 34, EV 86.9 MPH) Zachary Roberts to third
|
|
Batting: RHB Pete Martin
|
0-0: Called Strike 0-1: Ball 1-1: Foul Ball, location: 2F 1-2: Foul Ball, location: 2F 1-2: Foul Ball, location: 2F 1-2: Ball 2-2: Foul Ball, location: 2F 2-2: Strikes out looking
|
| Top of the 6th over - 0 runs, 1 hit, 0 errors, 1 left on base; Pennsylvania State University 0 - University of Michigan 2 |
| BOTTOM OF THE 6TH |
|
University of Michigan Wolverines batting - Pitching for Pennsylvania State University Nittany Lions : LHP John McDonald
|
|
Batting: RHB Remie Braakman
|
0-0: Ball 1-0: Ground out 4-3 (Groundball, 4, EV 81.9 MPH)
|
|
Batting: RHB Wendell Sarkies
|
0-0: Ball 1-0: Called Strike 1-1: Foul Ball, location: 2F 1-2: Foul Ball, location: 2F 1-2: Foul Ball, location: 2F 1-2: Foul Ball, location: 2F 1-2: Ball 2-2: Foul Ball, location: 2F 2-2: Ground out U3 (Groundball, 34, EV 107.5 MPH)
|
|
Batting: RHB Walter Fisher
|
0-0: Ball 1-0: Ground out 3-1 (Groundball, 34, EV 78.8 MPH)
|
| Bottom of the 6th over - 0 runs, 0 hits, 0 errors, 0 left on base; Pennsylvania State University 0 - University of Michigan 2 |
| TOP OF THE 7TH |
|
Pennsylvania State University Nittany Lions batting - Pitching for University of Michigan Wolverines : RHP Adam Timmons
|
|
Pitching: LHP Kunikazu Ishida
|
|
|
Batting: RHB Josh Ebeling
|
0-0: Fly out, F3 (Popup, 3S, EV 84.4 MPH)
|
|
Batting: RHB Rob Hinojosa
|
0-0: DOUBLE (Line Drive, 7LD, EV 101.2 MPH)
|
|
Batting: RHB Victor Victorino
|
0-0: Called Strike 0-1: Foul Ball, location: 2F 0-2: Ball 1-2: Ground out 6-3 (Groundball, 6, EV 99.4 MPH)
|
|
Batting: RHB Joe Strachan
|
0-0: Fly out, F4 (Flyball, 4D, EV 88.1 MPH)
|
| Top of the 7th over - 0 runs, 1 hit, 0 errors, 1 left on base; Pennsylvania State University 0 - University of Michigan 2 |
| BOTTOM OF THE 7TH |
|
University of Michigan Wolverines batting - Pitching for Pennsylvania State University Nittany Lions : LHP John McDonald
|
|
Batting: RHB Mike Harden
|
0-0: Called Strike 0-1: Ball 1-1: Ball 2-1: Foul Ball, location: 2F 2-2: DOUBLE (Line Drive, 7LM, EV 101.9 MPH)
|
|
Batting: RHB Allan Dunn
|
0-0: 2-RUN HOME RUN (Flyball, 7D, EV 96.2 MPH), Distance : 389 ft
|
|
Batting: RHB Cesar Rubio
|
0-0: Fly out, F7 (Line Drive, 7LM, EV 96.2 MPH)
|
|
Batting: SHB Elvis Hoying
|
0-0: SINGLE (Line Drive, 8RS, EV 99.4 MPH)
|
|
Batting: LHB Lance Sabo
|
0-0: Ball 1-0: Ball 2-0: Called Strike 2-1: Ball 3-1: Base on Balls Elvis Hoying to second
|
|
Batting: LHB Murdock Cranton
|
0-0: Called Strike 0-1: 3-RUN HOME RUN (Flyball, 9LD, EV 93.8 MPH), Distance : 355 ft
|
|
Pitching: RHP Jamie Galarza
|
|
|
Batting: RHB Remie Braakman
|
0-0: Ball 1-0: Called Strike 1-1: Ground out 6-3 (Groundball, 6, EV 85.0 MPH)
|
|
Batting: RHB Wendell Sarkies
|
0-0: Ball 1-0: Ball 2-0: SINGLE (Groundball, 56D, EV 98.8 MPH)
|
|
Batting: RHB Walter Fisher
|
0-0: Fly out, F8 (Flyball, 8RXD, EV 79.4 MPH)
|
| Bottom of the 7th over - 5 runs, 5 hits, 0 errors, 1 left on base; Pennsylvania State University 0 - University of Michigan 7 |
| TOP OF THE 8TH |
|
Pennsylvania State University Nittany Lions batting - Pitching for University of Michigan Wolverines : LHP Kunikazu Ishida
|
|
Pinch Hitting: LHB Ricky Lanzo
|
0-0: Ball 1-0: Called Strike 1-1: SOLO HOME RUN (Flyball, 9D, EV 93.1 MPH), Distance : 363 ft
|
|
Batting: RHB James Steinmetz
|
0-0: Ground out 4-3 (Groundball, 4, EV 90.6 MPH)
|
|
Batting: RHB Zachary Roberts
|
0-0: Ball 1-0: Ball 2-0: Foul Ball, location: 2F 2-1: Foul Ball, location: 2F 2-2: Ball 3-2: Strikes out swinging
|
|
Batting: RHB Francisco Velazquez
|
0-0: Ball 1-0: Ball 2-0: Ball 3-0: Called Strike 3-1: Foul Ball, location: 2F 3-2: SINGLE (Groundball, 5D, EV 95.0 MPH)
|
|
Batting: RHB Pete Martin
|
0-0: Foul Ball, location: 2F 0-1: Foul Ball, location: 2F 0-2: Ball 1-2: Ball 2-2: Ball 3-2: Fly out, F7 (Flyball, 78D, EV 80.0 MPH)
|
| Top of the 8th over - 1 run, 2 hits, 0 errors, 1 left on base; Pennsylvania State University 1 - University of Michigan 7 |
| BOTTOM OF THE 8TH |
|
University of Michigan Wolverines batting - Pitching for Pennsylvania State University Nittany Lions : RHP Jamie Galarza
|
|
Now in CF: Jesse Bandt
|
|
|
Batting: RHB Mike Harden
|
0-0: Ball 1-0: Called Strike 1-1: Ball 2-1: Ball 3-1: Foul Ball, location: 2F 3-2: Base on Balls
|
|
Batting: RHB Allan Dunn
|
0-0: Called Strike 0-1: Fielders Choice at 2nd, 6-4 (Groundball, 56, EV 80.0 MPH)
|
|
Batting: RHB Cesar Rubio
|
0-0: Called Strike 0-1: Ball 1-1: Called Strike 1-2: Ball 2-2: Foul Ball, location: 2F 2-2: Foul Ball, location: 2F 2-2: Ball 3-2: Foul Ball, location: 2F 3-2: Fly out, F9 (Flyball, 9, EV 79.4 MPH)
|
|
Batting: SHB Elvis Hoying
|
0-0: Ball 1-0: Foul Ball, location: 2F 1-1: DOUBLE (Line Drive, 89D, EV 108.8 MPH) Allan Dunn to third Runner from 3rd tries for Home, SAFE, throw by RF to trailing runner, SAFE at third!
|
|
Pitching: LHP Yari Rono
|
|
|
Pinch Hitting: RHB Dave Catano
|
0-0: Swinging Strike 0-1: Ground out 5-3 (Groundball, 56, EV 86.9 MPH)
|
| Bottom of the 8th over - 1 run, 1 hit, 0 errors, 1 left on base; Pennsylvania State University 1 - University of Michigan 8 |
| TOP OF THE 9TH |
|
Pennsylvania State University Nittany Lions batting - Pitching for University of Michigan Wolverines : LHP Kunikazu Ishida
|
|
Pitching: RHP Orlando Huizar
|
|
|
Now in CF: Gerard Gordijn
|
|
|
Pinch Hitting: RHB Kevin Claus
|
0-0: Called Strike 0-1: Ball 1-1: Ball 2-1: Foul Ball, location: 2F 2-2: Ball 3-2: Foul Ball, location: 2F 3-2: Base on Balls
|
|
Pinch Hitting: RHB Guy Jock
|
0-0: Swinging Strike 0-1: Foul Ball, location: 2F 0-2: Fly out, F4 (Popup, 34, EV 58.1 MPH)
|
|
Batting: RHB Victor Victorino
|
0-0: Ball 1-0: Called Strike 1-1: Ball 2-1: Called Strike 2-2: Ball 3-2: 2-RUN HOME RUN (Line Drive, 78XD, EV 111.9 MPH), Distance : 440 ft
|
|
Batting: RHB Joe Strachan
|
0-0: Called Strike 0-1: Ground out 6-3 (Groundball, 6, EV 102.5 MPH)
|
|
Batting: RHB Jesse Bandt
|
0-0: Ball 1-0: Ground out 6-3 (Groundball, 6S, EV 86.9 MPH)
|
| Top of the 9th over - 2 runs, 1 hit, 0 errors, 0 left on base; Pennsylvania State University 3 - University of Michigan 8 |
|